[Event "Fagernes Chess GM-Swiss 2024"]
[Site "Fagernes"]
[Date "2024.03.27"]
[Round "5.16"]
[White "Chasin, Nico"]
[Black "Kistrup, Nicolai"]
[Result "0-1"]
[ECO "A29"]
[WhiteElo "2447"]
[BlackElo "2324"]
[Annotator "TA"]
[PlyCount "62"]
[EventDate "2024.03.25"]
[EventType "swiss"]
[EventCountry "NOR"]
[SourceTitle "playchess.com"]
[Source "ChessBase"]
[SourceQuality "1"]
[TimeControl "40/6000+30:2400+30"]

1. c4 e5 2. Nc3 Nf6 3. Nf3 Nc6 4. g3 Bb4 5. Nd5 e4 6. Nh4 O-O 7. Bg2 d6 8. a3 {[%emt 0:00:55] The position is equal.} Bc5 9. O-O Bg4 10. h3 Be6 11. d3 exd3 12. Qxd3 Ne5 13. Qc3 c6 14. Nxf6+ Qxf6 15. b4 $1 Bb6 16. c5 (16. Bb2 $1 $11) 16... dxc5 $15 17. Bb2 Nd7 18. Qc2 Qe7 19. Nf5 Bxf5 20. Qxf5 Rfe8 ({But not} 20... Qxe2 21. Bxg7 Kxg7 22. Be4 cxb4 23. Qxh7+ Kf6 24. Qf5+ (24. Rae1 Qd2 $11) 24... Ke7 25. Rae1 Bxf2+ 26. Qxf2 Qxf2+ 27. Rxf2 $11) ({Better is} 20... cxb4 $15 21. axb4 Qxe2 (21... Qxb4 22. Ba3 $16) 22. Bxg7 Kxg7 23. Qxd7 Qe5) 21. b5 $1 $11 Ne5 22. Bxe5 Qxe5 23. Qxe5 Rxe5 24. bxc6 bxc6 25. Bxc6 Rc8 26. Bf3 c4 $36 {[%emt 0:01:21][%mdl 2048] White is under pressure.} 27. Rfd1 c3 {[%emt 0:01:32] And now ...c2 would win.} 28. Rd7 $2 {[%emt 0:00:06][%mdl 8192] This move loses the game for White.} (28. Rd5 $11 Rxd5 29. Bxd5) 28... c2 $19 29. Rc1 {[%emt 0:00:02] [#]} Rb5 $1 {[%emt 0:02:34] White must now prevent ...Rb1.} 30. Kg2 Rb1 31. Rdd1 (31. Rxc2 $142 Rxc2 32. h4) 31... cxd1=Q {[%emt 0:00:20] Weighted Error Value: White=0.49/Black=0.06 (flawless) .  Loses game:     	White=1     	---        Mistake:       	White=2     	Black=1      Inaccurate:     	White=2     	---        OK:         	White=9     	Black=9      Best:        	White=1     	Black=3      Strong:       	White=2     	Black=1} 0-1

[Event "Fagernes Chess GM-Swiss 2024"]
[Site "Fagernes"]
[Date "2024.03.27"]
[Round "5.17"]
[White "Vagman, Roy"]
[Black "Elsness, Frode"]
[Result "1/2-1/2"]
[ECO "C77"]
[WhiteElo "2311"]
[BlackElo "2437"]
[Annotator "RC"]
[PlyCount "115"]
[EventDate "2024.03.25"]
[EventType "swiss"]
[EventCountry "NOR"]
[SourceTitle "playchess.com"]
[Source "ChessBase"]
[SourceQuality "1"]
[TimeControl "40/6000+30:2400+30"]

1. e4 e5 2. Nf3 Nc6 3. Bb5 a6 4. Ba4 Nf6 5. Nc3 b5 6. Bb3 Bc5 7. Nd5 O-O 8. d3 Nxd5 9. Bxd5 Qe8 10. Nh4 Rb8 11. Nf5 Kh8 12. Qg4 Rg8 13. Bg5 Nd4 14. Nxd4 Bxd4 15. c3 Bb6 16. Qf3 Rf8 17. Bf6 c6 18. Bb3 d6 19. g4 Be6 20. Bc2 Kg8 21. Bg5 d5 22. h3 Qd7 23. Be3 d4 24. Bd2 dxc3 25. bxc3 c5 26. O-O c4 27. Rfd1 cxd3 28. Bxd3 Qc6 29. Qe2 Bc5 30. Be1 Ba3 31. Kh2 Rfc8 32. Rab1 Qc5 33. Ra1 Qe7 34. Rdb1 Rb7 35. Bc2 Bc4 36. Bd3 Be6 37. Bc2 Rd7 38. Bb3 Rcd8 39. Rd1 Bc5 40. Rxd7 Rxd7 41. Rd1 Qd8 42. Rxd7 Qxd7 43. Bd2 h5 44. Kg3 hxg4 45. hxg4 Qd6 46. Be3 Bxe3 47. Qxe3 Bxb3 48. axb3 a5 49. Qe2 Qc5 50. Qd3 a4 51. b4 Qc8 52. Qxb5 a3 53. Qa4 Qxc3+ 54. Kg2 Kh7 55. b5 Qb2 56. Qa7 a2 57. Qxf7 a1=Q 58. Qh5+ 1/2-1/2

[Event "Fagernes Chess GM-Swiss 2024"]
[Site "Fagernes"]
[Date "2024.03.27"]
[Round "5.18"]
[White "Trost, Edvin"]
[Black "Stark, John"]
[Result "1-0"]
[ECO "E16"]
[WhiteElo "2432"]
[BlackElo "1947"]
[Annotator "TA"]
[PlyCount "55"]
[EventDate "2024.03.25"]
[EventType "swiss"]
[EventCountry "NOR"]
[SourceTitle "playchess.com"]
[Source "ChessBase"]
[SourceQuality "1"]
[TimeControl "40/6000+30:2400+30"]

1. Nf3 Nf6 2. g3 b6 3. Bg2 Bb7 4. d4 e6 5. c4 Bb4+ 6. Nbd2 O-O 7. O-O d5 8. a3 Be7 9. cxd5 exd5 10. b4 a5 11. b5 a4 12. Ne5 {[%emt 0:07:17] The position is equal.} Qe8 (12... c6 $11) 13. Rb1 $14 Bd6 (13... Ra5 $14) 14. Ndc4 $16 Ne4 {[%emt 0:04:12] [#]} 15. Bxe4 $1 dxe4 {[%emt 0:00:34] [#]} 16. Nxd6 $1 cxd6 {[%emt 0:00:07] Black is weak on the dark squares} 17. Nc4 {[%emt 0:00:05][%csl LRb6,LRd6] White is more active.} Qd8 (17... e3 $16 18. f3 (18. Nxe3 $2 Qe4 $19) (18. Nxd6 Qd7 $16) 18... d5 19. Nxb6 Ra5 20. Nxa4 Rxb5 21. Rxb5 Qxb5 22. Bxe3 Re8) 18. d5 $18 Qc7 (18... Nd7 {keeps fighting.} 19. Qd4 (19. Nxd6 Nc5 $18) 19... Nc5) 19. Qd4 Nd7 20. Bf4 $1 (20. Qxe4 Rae8 21. Qd4 Nc5 $16) 20... Qc5 21. Rfd1 (21. Qxe4 $2 {is the wrong capture.} Bxd5 22. Qe7 Qxc4 $19 (22... Bxc4 23. Qxd7 Qh5 24. Rfe1 $11)) 21... Nf6 $2 (21... Ra7 22. Nxd6 (22. Qxe4 Nf6 $18) (22. Bxd6 Qxd4 23. Rxd4 Rc8 $18) 22... Qxd4 23. Rxd4 f5) 22. Bxd6 {[%emt 0:00:22] White is clearly winning.} Qxd4 23. Rxd4 Rfd8 24. Be7 Rxd5 25. Bxf6 {[%emt 0:00:06] aiming for Rxd5.} gxf6 26. Rxd5 ({Weaker is} 26. Rxe4 Rxb5 27. Rg4+ (27. Rxb5 Bxe4 28. Nd6 Bc2 $18) 27... Rg5 28. Nxb6 (28. Rxg5+ fxg5 29. Nxb6 Ra5 $18) 28... Rxg4 $18) 26... Bxd5 27. Nxb6 Rd8 28. Rd1 {[%emt 0:00:14] White took control after the opening.   Weighted Error Value: White=0.01 (flawless) /Black=0.58.  Mistake:       	---       	Black=5      Inaccurate:     	---       	Black=1      OK:         	White=7     	Black=2      Best:        	White=2     	---        Strong:       	White=3     	---} 1-0

[Event "Fagernes Chess GM-Swiss 2024"]
[Site "Fagernes"]
[Date "2024.03.27"]
[Round "5.19"]
[White "Nandhidhaa, P V"]
[Black "Sorensen, Hampus"]
[Result "1/2-1/2"]
[ECO "C54"]
[WhiteElo "2305"]
[BlackElo "2428"]
[Annotator "TA"]
[PlyCount "96"]
[EventDate "2024.03.25"]
[EventType "swiss"]
[EventCountry "NOR"]
[SourceTitle "playchess.com"]
[Source "ChessBase"]
[SourceQuality "1"]
[TimeControl "40/6000+30:2400+30"]

1. e4 e5 2. Nf3 Nc6 3. Bc4 Bc5 4. c3 Nf6 5. d4 exd4 6. e5 d5 7. Bb5 Ne4 8. cxd4 Bb6 9. Nc3 O-O 10. Be3 {[%emt 0:00:44] C54: Giuoco Piano: 4 c3 Nf6, main lines with 5 d4 and 5 d3.} f5 11. exf6 Nxf6 12. Bxc6 bxc6 13. Ne5 Qd6 14. O-O Nd7 15. Nxd7 Bxd7 16. Rc1 Rae8 17. a3 Qg6 18. Kh1 $1 h5 $146 ({Predecessor:} 18... Bg4 19. Qd2 Qf6 20. f3 Bd7 21. g3 Re7 22. Rfe1 Ref7 {0-1 Kolomensky,V (2101)-Druchenko,M (1829) Eurasia Cup op 2019 (7)}) 19. h3 Rf6 20. Ne2 Re4 21. Rc3 (21. Kh2 {with more complications.} Rf8 22. Qd2 a5 23. Rfe1) 21... Rf8 22. Ng1 Qf6 $1 23. Qxh5 Bxd4 24. Bxd4 Rxd4 25. Nf3 Rf4 26. Re1 d4 27. Rc4 $2 {[%emt 0:04:48][%mdl 8192] [#]} (27. Rc5 $11 {and White is okay.}) 27... Rf5 $2 (27... g6 $1 $19 {[%cal Rg6h5] and Black stays clearly on top.} 28. Qe5 Rxf3 29. Qxf6 (29. gxf3 Qxf3+ 30. Kh2 Qxf2+ 31. Kh1 Rf3) 29... R3xf6 30. Rxd4 Rd6) 28. Qg4 $17 Rd5 (28... c5 $5 29. b4 d3 $17) 29. Qg3 $1 d3 30. Rc3 Bf5 31. Nd2 (31. Qxc7 Bxh3 32. Qg3 Bc8 $17) 31... Rd6 32. Nc4 Re6 33. Rxe6 Qxe6 34. Qe3 Qd5 (34... Re8 $1 $15 35. Qxe6+ Rxe6) 35. Nd2 $11 (35. Qxa7 Bxh3 (35... d2 $2 36. Nxd2 Qxd2 37. Qxc7 $19) 36. Ne3 Bxg2+ 37. Kg1 (37. Kh2 Qh5+ 38. Kxg2 Qg5+) 37... Qh5 (37... d2 38. Nxd5 d1=Q+ 39. Kxg2 $11) 38. Nxg2 d2 $19) 35... Bg6 36. Rc5 (36. Qxa7 $2 {perishes.} Qe5 37. Rxc6 (37. Qe3 $2 Qxe3 38. fxe3 Rf2 $19) 37... Qe1+ (37... Qxb2 $2 38. Rxg6 Qc1+ 39. Kh2 $18) 38. Kh2 Qxd2 (38... Qxf2 39. Qxf2 Rxf2 40. Rxg6 $11) (38... Rxf2 39. Rxg6 Qe5+ 40. Rg3 $16) 39. Qxc7 (39. Rxg6 $2 Qf4+ 40. Rg3 d2 $19) 39... Qg5 $19) 36... Qf7 37. Kg1 (37. Rxc6 Qxf2 38. Qg5 Bf7 $11) 37... Qf6 38. Re5 Bf7 39. f4 Bd5 {[%emt 0:00:35] [#]} 40. Qxd3 ({But not} 40. Qxa7 $6 Qxf4 41. Qe3 Qf6 $11) (40. g3 $1 $16) 40... Qxf4 $11 (40... Qh4 {simplifies} 41. Qe3 Qxf4 42. Qxf4 Rxf4 43. Re7 Rd4) 41. Qe3 Qf6 (41... Qxe3+ {simplifies} 42. Rxe3 Rb8 43. b3 Kf7) 42. b4 Qg6 43. Qe2 (43. Qxa7 $2 Qxg2#) 43... Qg3 44. Re3 Qf4 45. Re8 Qd4+ 46. Qe3 Qxe3+ 47. Rxe3 a5 48. bxa5 Rf4 1/2-1/2

[Event "Fagernes Chess GM-Swiss 2024"]
[Site "Fagernes"]
[Date "2024.03.27"]
[Round "5.20"]
[White "Eliseev, Sergey"]
[Black "Tsolakidou, Stavroula"]
[Result "0-1"]
[ECO "B30"]
[WhiteElo "2131"]
[BlackElo "2424"]
[Annotator "TA"]
[PlyCount "122"]
[EventDate "2024.03.25"]
[EventType "swiss"]
[EventCountry "NOR"]
[SourceTitle "playchess.com"]
[Source "ChessBase"]
[SourceQuality "1"]
[TimeControl "40/6000+30:2400+30"]

1. e4 c5 2. Nf3 Nc6 3. Nc3 e5 4. Bc4 g6 5. d3 h6 $1 6. O-O Bg7 7. a3 d6 {[%emt 0:03:49] [#]} 8. b4 $1 {[%emt 0:03:50] White is slightly better.} Nge7 9. Nd5 O-O 10. c3 Kh7 11. Be3 b6 12. b5 Na5 13. Ba2 (13. Nxe7 {simplifies} Nxc4 14. Nxc8 Nxe3 15. fxe3 Rxc8 16. Qb3) 13... f5 14. exf5 Bxf5 15. Ng5+ Kh8 $1 (15... hxg5 $6 16. Bxg5 Nxd5 17. Bxd8 Nxc3 18. Qd2 $16) 16. g4 (16. Ne4 $11) 16... Bd7 $1 $15 {[%emt 0:07:07] Strongly threatening ...Nxd5.} 17. Ne4 $1 Bxb5 18. g5 $1 h5 19. Ng3 $2 (19. f4 $11 {and White is okay.} Nxd5 20. Bxd5 exf4 21. Bxa8) 19... Nxd5 ({Better is} 19... c4 $19 20. dxc4 Nxc4 (20... Bxc4 21. Nf6 $17)) 20. Bxd5 $17 Bc6 21. Bxc6 Nxc6 22. Nxh5 Ne7 (22... gxh5 $2 23. Qxh5+ Kg8 24. g6 $18) (22... Qd7 $17 23. Ng3 d5) 23. Ng3 Qd7 24. c4 Qh3 (24... Rf7 {simplifies} 25. f3 Raf8 26. Ra2 d5) 25. f3 Nf5 {[%emt 0:09:40] Black has more active pieces.} 26. Nxf5 Rxf5 27. Ra2 Raf8 28. Raf2 R8f7 29. Qe2 Kg8 30. Bd2 Bf8 31. Qe4 Be7 32. Qg4 Rh7 {[%emt 0:01:06] ...Qxg4+ would now be deadly.} 33. Rg2 Rh4 34. Qxh3 Rxh3 35. Rg3 Rh5 (35... Rxg3+ 36. hxg3 Rf7 (36... Bxg5 37. Bxg5 Rxg5 38. g4 $16) 37. a4 $11) 36. f4 exf4 (36... d5 $5 37. Kg2 exf4 38. Bxf4 dxc4 (38... Bxg5 39. Bb8 $14) 39. dxc4 Rh4 $17 (39... Bxg5 40. Bb8 $15)) 37. Bxf4 Rh4 38. Rgf3 d5 $36 {[%emt 0:06:46][%mdl 2048] Black is pushing.} 39. Kh1 {[%emt 0:00:01] White is now going downhill.} (39. cxd5 $15 Bxg5 (39... Rxd5 40. Re1 $11) 40. Be5) 39... dxc4 (39... Bxg5 $2 40. Bxg5 Rd4 (40... Rxg5 41. Rf8+ Kg7 42. R1f7+ Kh6 43. Rh8#) 41. Rxf5 gxf5 42. Rxf5 dxc4 43. dxc4 $18) 40. dxc4 Kg7 (40... Bxg5 41. Bxg5 Rxf3 (41... Rxg5 42. Rf8+ Kh7 43. R1f7+ Kh6 44. Rh8#) 42. Rxf3 $18) 41. Bb8 (41. Re1 $2 Bd6 (41... Rfxf4 42. Rxe7+ Kf8 43. Rxf4+ Rxf4 44. Rxa7 $11) (41... Bxg5 $2 42. Bxg5 Rxg5 43. Re7+ Kh6 44. Rxa7 $17) 42. Bg3 Rxf3 $19 (42... Rxc4 $2 43. Rxf5 gxf5 44. Bxd6 $18)) 41... Rxf3 (41... Rxc4 42. Rxf5 gxf5 43. Rxf5 $15) 42. Rxf3 Rxc4 43. Bxa7 {[%emt 0:00:03][%mdl 4096] Endgame. KRB-KRB} b5 ({Don't play} 43... Bxg5 44. Bxb6 Be7 45. h3 $15) 44. Rb3 {[%emt 0:01:10] [#]} b4 $1 ({Much worse is} 44... Bxg5 $6 45. Rxb5 Be3 46. a4 $11) 45. axb4 cxb4 46. Be3 Kf7 {[%emt 0:00:58] aiming for ...Rc3.} 47. Kg2 Rc2+ 48. Kg3 Ke6 49. h4 Bd6+ 50. Kf3 Rh2 51. Ke4 (51. Rd3 $142) 51... Rxh4+ $19 52. Kd3 Kd5 {[%emt 0:00:40] Threatens to win with ...Rh3.} 53. Rb1 Rh3 54. Rd1 $2 (54. Kd2) 54... Be5 {[%emt 0:01:07] ( -> ...Bd4)} 55. Ke2+ Ke4 {[%emt 0:00:30] Black mates.} 56. Bc5 b3 57. Re1 Bc3 58. Rb1 Rh2+ 59. Bf2 Bd4 60. Rxb3 Rxf2+ 61. Ke1 Rg2 {[%emt 0:00:27] Weighted Error Value: White=0.31/Black=0.07 (flawless) .  Mistake:       	White=5     	Black=2      Inaccurate:     	White=5     	Black=3      OK:         	White=15    	Black=21     Best:        	White=4     	Black=8      Strong:       	White=2     	Black=2} 0-1

[Event "Fagernes Chess GM-Swiss 2024"]
[Site "Fagernes"]
[Date "2024.03.27"]
[Round "5.21"]
[White "Southcott-Moyers, Indy"]
[Black "Petkov, Momchil"]
[Result "0-1"]
[ECO "D38"]
[WhiteElo "2120"]
[BlackElo "2500"]
[Annotator "TA"]
[PlyCount "110"]
[EventDate "2024.03.25"]
[EventType "swiss"]
[EventCountry "NOR"]
[SourceTitle "playchess.com"]
[Source "ChessBase"]
[SourceQuality "1"]
[TimeControl "40/6000+30:2400+30"]

1. d4 Nf6 2. c4 e6 3. Nf3 d5 4. Nc3 Bb4 5. cxd5 exd5 6. Bg5 Nbd7 7. Qc2 c5 8. dxc5 Qa5 9. Bd2 Nxc5 10. a3 {[%emt 0:15:11] Rc1 ist eine echte Drohung.} Ne6 11. e3 Bd7 {[%emt 0:09:45] Gegen Bb5 gerichtet.} ({Günstiger ist} 11... O-O $14) 12. Bd3 ({Besser ist} 12. Rc1 $16 Bxc3 13. Bxc3) 12... Rc8 $14 13. O-O Be7 14. Ne5 Bc6 (14... Qd8 $14) 15. Nxc6 (15. Ne2 $16 Qb6 16. Bc3) 15... bxc6 (15... Rxc6 $14 16. Na4 (16. Bb5 $2 Qxb5 17. h3 Qc4 $19) 16... Rxc2 17. Bxa5 Rc8) 16. e4 $16 {[%emt 0:04:43] Droht exd5 und aus.} d4 {[%emt 0:17:59] [#]} (16... Nd4 $16 {war angesagt.} 17. Qd1 dxe4 18. Nxe4 Qd5 19. Nxf6+ Bxf6) 17. Nd5 $1 $18 Qc5 18. Qxc5 (18. Nxf6+ $18 Bxf6 19. Rac1 Qxc2 20. Rxc2) 18... Bxc5 $16 19. Nxf6+ gxf6 20. Rac1 Kd7 21. g3 Bd6 22. b4 a5 23. b5 (23. f4 $16) 23... Bxa3 $14 24. Rxc6 (24. bxc6+ {mit weiteren Verwicklungen.} Kd6 25. Rb1 Nc5 26. Bf4+) 24... Rxc6 25. bxc6+ Kxc6 {[%emt 0:00:06] Weiss muss nun ...Bb4 beachten.} 26. Bxa5 Ra8 27. Bd2 {[%emt 0:00:51] Ein starkes Läuferpaar.} Nc5 28. Bc4 Nxe4 29. Bh6 Bf8 30. Bf4 Bd6 {[%emt 0:01:04] Zielt auf ...Bxf4 ab.} 31. Bh6 Bc5 32. Bxf7 d3 33. Kg2 Rd8 34. Bh5 Kb5 35. Bf3 Nc3 36. Bd2 Bb4 37. h4 Kc4 38. g4 Na2 39. Bxb4 Nxb4 $11 {[%emt 0:00:25][%mdl 4096] Endspiel. KRB-KRN} 40. Kg3 ({Vorzuziehen ist} 40. Rc1+ $15 Kd4 41. Rc7) 40... Nc2 (40... d2 $19 {...Nc2 wäre nun fies.} 41. g5 Nd5 42. Be2+ Kc5) 41. g5 (41. Be4 $15) 41... d2 {[%emt 0:03:11] Droht stark ...fxg5.} 42. Rd1 $2 (42. gxf6 $17 {kämpft weiter.} Ne1 43. Bh5) 42... Kd3 43. Bg4 Nd4 {[%emt 0:01:11] Es drohte Bf5+. Und jetzt ...f5 wäre schön.} 44. Ra1 Ne2+ $1 45. Kg2 Rd4 46. Ra3+ Nc3 47. Bf5+ Kc4 48. Bc2 {[%emt 0:00:59] [#]} fxg5 (48... d1=R 49. Bxd1 Rxd1 50. Ra7 $15) (48... Rxh4 49. gxf6 Rf4 (49... d1=R 50. Bxd1 Rf4 51. Ra6 $14) 50. Ra7 $15) 49. hxg5 Rg4+ ({Nicht} 49... d1=R 50. Bxd1 Rxd1 51. Ra7 $11) 50. Kh3 $2 {[%emt 0:00:23] [#]} (50. Kf3 $19 Rxg5 (50... d1=Q+ 51. Bxd1 Rxg5 52. Bc2 $11) 51. Ra7) 50... Rg1 $1 {[%emt 0:02:09] Schwarz setzt Matt.} (50... d1=Q 51. Bxd1 Rxg5 52. Bc2 $11) 51. Ra7 Rc1 ({Schwächer ist} 51... d1=R 52. Rc7+ Kd4 53. Bxd1 $15) 52. Rc7+ Kb4 53. Rb7+ Nb5 54. Kh4 Rxc2 55. Rd7 Rc4+ {[%emt 0:00:05] Schwarz hat seine Chance genutzt.   Gewichteter Fehlerwert: Weiß=0.37/Schwarz=0.19 (sehr präzise) .  Verlustzug:     	Weiß=1     	---        Fehler:       	Weiß=7     	Schwarz=5     Ungenau:       	Weiß=5     	Schwarz=3     OK:         	Weiß=13    	Schwarz=12    Bester:       	Weiß=2     	Schwarz=4     Stark:        	---       	Schwarz=1     Brilliant:      	Weiß=1     	---} 0-1

[Event "Fagernes Chess GM-Swiss 2024"]
[Site "Fagernes"]
[Date "2024.03.27"]
[Round "5.22"]
[White "Celik, Hasan Huseyin"]
[Black "Skotheim, Andreas"]
[Result "1-0"]
[ECO "C68"]
[WhiteElo "2417"]
[BlackElo "2214"]
[Annotator "TA"]
[PlyCount "59"]
[EventDate "2024.03.25"]
[EventType "swiss"]
[EventCountry "NOR"]
[SourceTitle "playchess.com"]
[Source "ChessBase"]
[SourceQuality "1"]
[TimeControl "40/6000+30:2400+30"]

1. e4 e5 2. Nf3 Nc6 3. Bb5 a6 4. Bxc6 bxc6 5. d4 exd4 6. Qxd4 Qf6 7. Qa4 Bc5 8. O-O Ne7 9. Nc3 {[%emt 0:00:38] White is slightly better.} O-O {[%emt 0:10:44] [#]} (9... a5 $14) 10. Qc4 $1 $18 Bb6 11. Bg5 Qd6 12. e5 Qc5 13. Qxc5 Bxc5 14. Ne4 h6 {[%emt 0:01:27] [#]} 15. Bh4 $36 {[%emt 0:04:10][%mdl 2048] White is really pushing.} (15. Nxc5 $6 hxg5 16. Nxg5 d6 17. exd6 cxd6 $16) 15... g5 (15... Bb4 $2 16. a3 g5 17. Bxg5 (17. axb4 gxh4 18. Nxh4 Nd5 $18) 17... hxg5 18. axb4) 16. Nfxg5 Ng6 17. Nxc5 {[%emt 0:01:14] Black must now prevent Nf3. A dynamic duo of knights.} d6 18. Nge4 dxc5 19. Bf6 Rb8 (19... Bf5 $142) 20. b3 (20. Nxc5 Rxb2 21. c4 Re8 $16) 20... c4 21. f4 {[%emt 0:00:17][%cal Bf2f4,Bf4f5][%mdl 32] And now f5 would win.} Bf5 22. Ng3 Bxc2 23. f5 cxb3 24. axb3 (24. fxg6 b2 $18) 24... Rxb3 25. fxg6 Bxg6 26. Rfd1 (26. Rxa6 Bd3 27. Ra4 (27. Rxc6 Bxf1 28. Nxf1 Ra8 $18) 27... Rfb8 $18) 26... Rd3 27. Rdc1 ({Don't take} 27. Rxd3 Bxd3 28. Ra3 Bb1 29. Rxa6 c5 $18) 27... Rb8 28. Rxa6 Rd2 29. Rca1 Kh7 30. Ra8 {[%emt 0:00:08] Black did not feel at home in the position after the opening.   Weighted Error Value: White=0.09 (flawless) /Black=0.28 (precise) .  Mistake:       	---       	Black=2      Inaccurate:     	---       	Black=2      OK:         	White=13    	Black=7      Best:        	---       	Black=2      Strong:       	White=1     	---} ({Weaker is} 30. Rxc6 Rbb2 31. Rc3 (31. Rxc7 $2 {perishes.} Rxg2+ 32. Kf1 Bd3+ $19) 31... Rxg2+ 32. Kf1 Bf5 $14) 1-0

[Event "Fagernes Chess GM-Swiss 2024"]
[Site "Fagernes"]
[Date "2024.03.27"]
[Round "5.23"]
[White "Al-Tarboush, Ward"]
[Black "Brynell, Stellan"]
[Result "1/2-1/2"]
[ECO "C01"]
[WhiteElo "2277"]
[BlackElo "2406"]
[Annotator "TA"]
[PlyCount "95"]
[EventDate "2024.03.25"]
[EventType "swiss"]
[EventCountry "NOR"]
[SourceTitle "playchess.com"]
[Source "ChessBase"]
[SourceQuality "1"]
[TimeControl "40/6000+30:2400+30"]

1. e4 e6 2. d4 d5 3. exd5 exd5 4. Bd3 Nf6 5. Bg5 h6 6. Bh4 Be7 7. Ne2 Ne4 8. Bxe7 {[%emt 0:01:00] White is slightly better.} Qxe7 9. f3 Nd6 10. Nbc3 c6 11. Qd2 Bf5 12. O-O-O Bxd3 13. Qxd3 Nd7 14. Rhe1 O-O-O 15. Nf4 Qg5 16. g3 Rhe8 17. b3 Qf5 18. Qf1 g5 19. Nd3 Qf6 20. Qf2 Nf5 21. Rxe8 Rxe8 22. Ne2 Qe7 23. Re1 Qe3+ 24. Qxe3 Rxe3 25. Kd2 {[%emt 0:01:39] [#] Hoping for g4.} Re8 (25... Rxf3 26. Ng1 Nxd4 27. Re8+ (27. c3 Rxd3+ 28. Kxd3 Ne6 $14) 27... Kc7 28. Nxf3 Nxf3+ 29. Ke2 Nxh2 30. Re7 $18) 26. c3 f6 27. g4 Nh4 28. Ng1 Rxe1 29. Kxe1 $11 {[%emt 0:00:02][%mdl 4096] Endgame. KNN-KNN} f5 30. h3 f4 31. Kf2 Ng6 32. Ne2 Kc7 33. Nec1 Kd6 34. Nb2 Ndf8 35. Ncd3 Ne6 36. Ke2 b6 37. b4 Nef8 38. a4 (38. Kd2 $11) 38... Nd7 39. a5 {[%emt 0:07:00] [#]} (39. Nc1 $1 $11 {was the only way to keep the balance.}) 39... bxa5 $1 $17 40. bxa5 c5 41. Na4 $1 c4 42. Ndc5 ({Only move:} 42. Nb4 $15) 42... Nxc5 $19 43. Nxc5 {[%emt 0:00:01] KN-KN} Nf8 $2 (43... Ne7 $19 {White must now prevent ...Kc6.} 44. Kd1 Kc6) 44. Na6 $11 Ne6 45. Kd2 Nd8 {[%emt 0:01:36] Threatens to win with ...Nc6.} 46. Nc5 (46. Nb4 $11) 46... Ne6 (46... Nc6 $1 $15 47. a6 Ne7) 47. Na6 Nd8 $2 (47... Ng7 $11) 48. Nc5 {[%emt 0:00:30] Weighted Error Value: White=0.15 (very precise) /Black=0.10 (very precise) .  Missed win:     	---       	Black=1      Mistake:       	White=4     	Black=2      Inaccurate:     	White=2     	Black=2      OK:         	White=21    	Black=17     Strong:       	White=1     	Black=1} 1/2-1/2

[Event "Fagernes Chess GM-Swiss 2024"]
[Site "Fagernes"]
[Date "2024.03.27"]
[Round "5.24"]
[White "Narva, Mai"]
[Black "Rounaiv Rana"]
[Result "1-0"]
[ECO "B45"]
[WhiteElo "2399"]
[BlackElo "2099"]
[Annotator "RC"]
[PlyCount "117"]
[EventDate "2024.03.25"]
[EventType "swiss"]
[EventCountry "NOR"]
[SourceTitle "playchess.com"]
[Source "ChessBase"]
[SourceQuality "1"]
[TimeControl "40/6000+30:2400+30"]

1. e4 c5 2. Nf3 e6 3. d4 cxd4 4. Nxd4 Nf6 5. Nc3 Nc6 6. Ndb5 Bb4 7. a3 Bxc3+ 8. Nxc3 d5 9. exd5 exd5 10. Bd3 O-O 11. O-O d4 12. Ne2 Bg4 13. h3 Bxe2 14. Bxe2 Qd6 15. Re1 Rfe8 16. b4 a6 17. Bb2 Rad8 18. Bf1 Rxe1 19. Qxe1 b5 20. Rd1 Qe6 21. Qd2 Qa2 22. Qc1 Ne4 23. Re1 Nd6 24. Qf4 Qd5 25. Bd3 Nc4 26. Qh4 f5 27. Bc1 Rf8 28. Qg3 N6e5 29. Bxc4 Nxc4 30. Re7 Rf7 31. Qb8+ Rf8 32. Qc7 Rf7 33. Qc8+ Rf8 34. Qxa6 Ra8 35. Qb7 Qxb7 36. Rxb7 Nxa3 37. Bxa3 Rxa3 38. Rxb5 Ra2 39. Rc5 Rb2 40. Rc4 Kf7 41. Kf1 Kf6 42. Ke2 Ke5 43. Kd3 Rb1 44. Rc5+ Ke6 45. Kc4 Rb2 46. Kb5 g5 47. Ka4 d3 48. cxd3 Rxf2 49. g4 fxg4 50. hxg4 h6 51. b5 Rf4+ 52. Rc4 h5 53. b6 Kd6 54. b7 Rxc4+ 55. dxc4 Kc7 56. gxh5 g4 57. h6 g3 58. h7 g2 59. b8=Q+ 1-0

[Event "Fagernes Chess GM-Swiss 2024"]
[Site "Fagernes"]
[Date "2024.03.27"]
[Round "5.25"]
[White "Audi Ameya"]
[Black "Skramstad, Oda Kofoed"]
[Result "1-0"]
[ECO "B31"]
[WhiteElo "2378"]
[BlackElo "1945"]
[Annotator "RC"]
[PlyCount "41"]
[EventDate "2024.03.25"]
[EventType "swiss"]
[EventCountry "NOR"]
[SourceTitle "playchess.com"]
[Source "ChessBase"]
[SourceQuality "1"]
[TimeControl "40/6000+30:2400+30"]

1. e4 c5 2. Nf3 Nc6 3. Bb5 g6 4. O-O Bg7 5. Re1 Nf6 6. c3 O-O 7. d4 cxd4 8. cxd4 d6 9. h3 Bd7 10. Nc3 Rc8 11. Bg5 a6 12. Bxc6 Bxc6 13. e5 dxe5 14. dxe5 Nd7 15. Nd5 Re8 16. e6 fxe6 17. Rxe6 Bxd5 18. Qxd5 Nc5 19. Rd6+ e6 20. Qxc5 Rxc5 21. Bxd8 1-0